 Dungeon Crawl Stone Soup version 0.26.0-10-g1f06aea511 (webtiles) character file.

Game seed: 17710476743157472837

111 inmateoo the Insei (level 4, -20/25 HPs)
             Began as a Vampire Chaos Knight on Jan 14, 2021.
             Demolished by an ogre
             ... wielding a +0 giant club
              (22 damage)
             ... on level 3 of the Dungeon.
             The game lasted 00:02:09 (1721 turns).

inmateoo the Insei (Vampire Chaos Knight)           Turns: 1721, Time: 00:02:10

Health: -20/25     AC:  5    Str:  6    XL:     4   Next: 62%
Magic:  4/4        EV: 12    Int: 14    God:
Gold:   87         SH:  0    Dex: 13    Spells: 3/3 levels left

rFire    . . .     SeeInvis +     - Unarmed
rCold    + + .     Faith    .   (no shield)
rNeg     + + +     Spirit   .   a - +2 leather armour
rPois    ∞         Reflect  .   (no helmet)
rElec    .         Harm     .   (no cloak)
rCorr    .         Rampage  .   (no gloves)
Will     .....                  (no boots)
Stlth    +++.......             (no amulet)
HPRegen  0.00/turn              h - -4 ring of strength (curse)
MPRegen  0.09/turn              (no ring)

@: bloodless
A: fangs 3, see invisible, frail 1, weak 1, unbreathing
a: Bat Form, Revivify


You were on level 3 of the Dungeon.
You visited 1 branch of the dungeon, and saw 3 of its levels.

You collected 87 gold pieces.

Inventory:

Missiles
 f - 19 poisoned darts (quivered)
Armour
 a - a +2 leather armour (worn)
Jewellery
 h - a cursed -4 ring of strength (left hand)
Scrolls
 g - a scroll of enchant weapon
Potions
 b - a potion of cancellation
 c - a potion of degeneration {unknown}
 d - a potion of haste {unknown}
 e - 2 potions of curing {unknown}


   Skills:
 * Level 3.7 Fighting
 + Level 1.7 Armour
 - Level 3.0 Dodging
 + Level 4.0 Unarmed Combat


You had 3 spell levels left.
You didn't know any spells.
Your spell library was empty.

Dungeon Overview and Level Annotations

Branches:
Dungeon (3/15)

Altars:
Kikubaaqudgha


Innate Abilities, Weirdness & Mutations

You do not regenerate when monsters are visible.
You are frail without blood (-20% HP).
You can heal yourself when you bite living creatures.
You are immune to poison.
You have razor-sharp teeth.
You have supernaturally acute eyesight. (SInv)
You can survive without breathing.
You are frail. (-10% HP)
You are weak. (Str -2)


Message History

No target in view!
No target in view!
No target in view!
No target in view!
Unknown command.
You start resting.
An ogre comes into view. It is wielding a +0 giant club.
The ogre closely misses you. The ogre hits you with a +0 giant club.
You see here a robe.
There is a stone staircase leading up here.
There is a stone staircase leading up here.
The ogre closely misses you.
You see here a robe.
The ogre hits you with a +0 giant club!!
Ouch! That really hurt!
* * * LOW HITPOINT WARNING * * *
The ogre hits you with a +0 giant club!!
Ouch! That really hurt!
You die...

### #........# ...
#........#
#.##........#
#...........#
####...†......#
............#####
.................
#########....#####
#......O@....#
#.#######....#
#[#...# #....#
#.#.#.###...##
#.#.#.......#
#.#.#.##........
#.#..............
#.#.#.##........#
#.#.#.##........#


You could see an ogre.

Vanquished Creatures
  5 adders
  4 oozes
  2 dart slugs (D:1)
  3 leopard geckos (D:1)
  3 giant cockroaches (D:1)
  3 hobgoblins
  8 bats
  4 frilled lizards
  5 goblins
  5 kobolds
  4 rats (D:1)
46 creatures vanquished.

Notes
Turn   | Place    | Note
-------+----------+-------------------------------------------
     0 | D:1      | inmateoo the Vampire Chaos Knight began the quest for the
                  | Orb.
     0 | D:1      | Reached XP level 1. HP: 17/17 MP: 1/1
     0 | D:1      | Fell from the grace of Xom
    48 | D:1      | XOM: scenery: 1 doors open
   122 | D:1      | Reached skill level 1 in Armour
   122 | D:1      | Reached XP level 2. HP: 20/23 MP: 2/2
   143 | D:1      | XOM: 11-stop teleportation journey
   523 | D:1      | Reached XP level 3. HP: 22/29 MP: 3/3
   988 | D:2      | Reached XP level 4. HP: 25/35 MP: 4/4
  1184 | D:2      | Found an ancient bone altar of Kikubaaqudgha.
  1221 | D:2      | XOM: give mutations
  1221 | D:2      | Gained mutation: You are frail. (-10% HP) [Xom's mischief]
  1221 | D:2      | Gained mutation: You are weak. (Str -2) [Xom's mischief]
  1572 | D:3      | Reached skill level 4 in Unarmed Combat
  1629 | D:3      | Noticed an ogre
  1721 | D:3      | Demolished by an ogre

Illustrated notes

Levels and vault maps discovered:
D:1:      sevenhm_arrival_forest_fort_small_4, layout_basic
D:2:      layout_loops_ring, lemuel_round_altar
D:3:      minmay_door_path, layout_basic, nzn_overflow_gifts_of_might_and_magic,
          nzn_wu_jian_council_hall, yredelemnul_forgotten_temple_becter,
          minivault_27

Skill      XL: |  1  2  3  4 |
---------------+-------------+-----
Armour         | 1 |  1.7
Fighting       | 3 |  3.7
Dodging        | 3 |  3.0
Unarmed Combat | 4 |  4.0

Action                   |  1- 3 |  4- 6 || total
-------------------------+-------+-------++-------
Melee: Unarmed           |   172 |    48 ||   220
       Bite              |    11 |     6 ||    17
Invok: Renounce Religion |     1 |       ||     1
 Abil: Exsanguinate      |       |     1 ||     1
  Use: Scroll            |     3 |       ||     3
 Stab: Sleeping          |       |     2 ||     2
Armor: Leather armour    |    53 |    11 ||    64
Dodge: Dodged            |   115 |    34 ||   149
